 Dungeon Crawl Stone Soup version 0.31-a0-145-g046c7d2549 (webtiles) character file.

Game seed: 4450332180124458485

586 Irreverend the Cutter (level 7, -1/51 HPs)
             Began as a Vampire Gladiator on June 7, 2023.
             Slain by an ogre
             ... wielding a +0 giant spiked club
              (28 damage)
             ... on level 5 of the Dungeon.
             The game lasted 00:06:31 (3448 turns).

Irreverend the Cutter (Vampire Gladiator)           Turns: 3448, Time: 00:06:32

Health: -1/51      AC:  4    Str: 19    XL:     7   Next: 15%
Magic:  10/10      EV: 14    Int: 10    God:
Gold:   128        SH:  0    Dex: 18    Spells: 9/10 levels left

rFire   . . .        t - +1 rapier (elec)
rCold   . . .        (no shield)
rNeg    . . .        b - +0 leather armour
rPois   .            c - +0 helmet
rElec   .            (no cloak)
rCorr   .            (no gloves)
SInv    +            (no boots)
Will    .....        (no amulet)
Stlth   +            m - +6 ring of strength
HPRegen 0.48/turn    (no ring)
MPRegen 0.12/turn

%: no passive effects
@: healing quickly
A: alive, fangs 3, see invisible, vampiric 2
a: Exsanguinate


You were on level 5 of the Dungeon.
You visited 1 branch of the dungeon, and saw 5 of its levels.

You collected 128 gold pieces.

Inventory:

Hand Weapons
 a - a +0 rapier
 t - a +1 rapier of electrocution (weapon)
Missiles
 d - 3 throwing nets (quivered)
 e - a javelin
Armour
 b - a +0 leather armour (worn)
 c - a +0 helmet (worn)
Jewellery
 m - a +6 ring of strength (left hand)
Wands
 i - a wand of mindburst (10)
Scrolls
 f - 4 scrolls of identify {unknown}
 h - a scroll of blinking {unknown}
 j - 2 scrolls of fog {unknown}
 l - a scroll of teleportation {unknown}
 v - a scroll of fear {unknown}
Potions
 g - a potion of curing
 k - a potion of enlightenment {unknown}
 n - 2 potions of attraction {unknown}
 o - a potion of magic {unknown}
 p - a potion of mutation {unknown}
 q - a potion of heal wounds {unknown}
 r - a potion of invisibility {unknown}
 s - 2 potions of might {unknown}
 u - a potion of lignification {unknown}
 w - a potion of resistance {unknown}


   Skills:
 - Level 2.5 Fighting
 * Level 6.4 Short Blades
 - Level 1.5 Throwing
 + Level 5.1 Dodging
 + Level 2.2 Spellcasting
 + Level 2.7 Necromancy


You had 9 spell levels left.
You knew the following spells:

 Your Spells              Type           Power      Damage    Failure   Level
a - Necrotise             Necr           24%        1d5       12%         1

Your spell library contained the following spells:

 Spells                   Type           Power      Damage    Failure   Level
 Vampiric Draining        Necr           6%         2d6       34%         3
 Cigotuvi's Dreadful Rot  Necr/Pois/Air  4%         N/A       36%         2
 Dazzling Flash           Conj/Hex       2%         N/A       73%         3
 Ignite Poison            Fire/Tmut/Pois 1%         N/A       73%         3
 Agony                    Necr           6%         N/A       97%         5
 Cause Fear               Hex            0%         N/A       98%         4
 Freezing Cloud           Conj/Ice/Air   0%         6-21      100%        5
 Silence                  Hex/Air        0%         N/A       100%        5
 Dragon Form              Tmut           0%         N/A       100%        7
 Dragon's Call            Summ           0%         N/A       100%        9


Dungeon Overview and Level Annotations

Branches:
Dungeon (5/15)
 Temple: D:4-7

Altars:
Fedhas
Ru
Xom
Yredelemnul

Shops:
D:4 (([


Innate Abilities, Weirdness & Mutations

Your natural rate of healing is accelerated.
You have razor-sharp teeth.
You have supernaturally acute eyesight. (SInv)
You are afflicted with vampirism and can become a bat while bloodless.


Message History

You puncture the iguana! Lightning courses through the iguana!
You kill the iguana!
No target in view!
No target in view!
There is an open door here.
As you open the door, it creaks loudly!
Found a scale mail.
There is an open door here.
A gnoll comes into view. It is wielding a +0 flail.
A gnoll is nearby!
The gnoll shouts!
You hear a shout! x2; You hear an angry hiss.
You hear a shout!
A gnoll comes into view. It is wielding a +0 whip.
A gnoll and an ogre come into view.
Found a book of Party Tricks.
The gnoll shouts!
The ogre shouts!
You hear an angry hiss.
An iguana comes into view.
Found a spear.
The iguana hisses angrily.
The gnoll barely misses you.
You hit the gnoll but do no damage. The gnoll completely misses you.
You puncture the gnoll! Lightning courses through the gnoll!!
You kill the gnoll!
The gnoll misses you.
You closely miss the gnoll. You bite the gnoll.
The gnoll is heavily wounded.
The gnoll misses you. x2
You closely miss the gnoll.
The gnoll is heavily wounded.
The gnoll hits you with a +0 flail. The gnoll hits you with a +0 flail!
The ogre closely misses you. The gnoll attacks as you move away!
The gnoll hits you with a +0 flail! The gnoll attacks as you move away!
The gnoll hits you with a +0 flail.
You hit the gnoll. You bite the gnoll.
You kill the gnoll!
You puncture the ogre!
The ogre is moderately wounded.
The ogre hits you with a +0 giant spiked club!!
Ouch! That really hurt!
You die...

#.....#
######.....#####.....#
#....#.....##..#.....#
#[...#.........#....:#
#....#.........+.....###
#...†#.......[.#........
#....#.........#........
##'###........@#.)......
#...##.....##..O........
#...###'####...g........
#.............#.#......)
#.......................
#.............#.#.......
#.......................
#...#########..#........
#...##.....##..#........


You could see an ogre and a gnoll.

Vanquished Creatures
  A black bear (D:4)
  The ghost of minhee2137 the Conjurer, an amateur DECj of Sif Muna (D:3)
  A scorpion (D:4)
  A howler monkey (D:4)
  An orc priest (D:4)
  Jessica (D:3)
  An iguana (D:5)
  Natasha (D:2)
  An orc wizard (D:5)
  Robin (D:2)
  6 gnolls
  4 adders
  A shadow imp (D:5)
  3 dart slugs
  5 orcs
  8 endoplasms
  2 giant cockroaches
  11 goblins
  10 hobgoblins
  2 jackals (D:2)
  A quokka (D:4)
  6 ball pythons
  3 bats
  A frilled lizard (D:1)
  4 kobolds
  6 rats
83 creatures vanquished.

Notes
Turn   | Place    | Note
-------+----------+-------------------------------------------
     0 | D:1      | Irreverend the Vampire Gladiator began the quest for the
                  | Orb.
     0 | D:1      | Reached XP level 1. HP: 16/16 MP: 1/1
   167 | D:1      | Reached XP level 2. HP: 21/22 MP: 2/2
   779 | D:2      | Reached skill level 4 in Short Blades
   823 | D:2      | Noticed Robin
   836 | D:2      | Gained mutation: You are afflicted with vampirism and can
                  | become a bat while bloodless. [Vampire growth]
   836 | D:2      | Reached XP level 3. HP: 18/27 MP: 3/3
   871 | D:2      | Killed Robin
  1082 | D:2      | Noticed Natasha
  1092 | D:2      | Killed Natasha
  1093 | D:2      | Reached XP level 4. HP: 27/34 MP: 4/4
  1555 | D:3      | Learned a level 1 spell: Necrotise
  1571 | D:3      | Noticed Jessica
  1578 | D:3      | Killed Jessica
  1685 | D:3      | Found a large runed translucent door.
  1783 | D:3      | Found a large runed translucent door.
  1785 | D:3      | Noticed minhee2137's ghost (amateur DECj)
  2110 | D:3      | Found a basalt altar of Yredelemnul.
  2115 | D:3      | Found a shimmering altar of Xom.
  2115 | D:3      | Found a blossoming altar of Fedhas.
  2239 | D:3      | Found a faded altar of an unknown god.
  2258 | D:3      | Reached skill level 5 in Short Blades
  2258 | D:3      | Reached XP level 5. HP: 36/39 MP: 5/5
  2504 | D:3      | Killed minhee2137's ghost
  2505 | D:3      | Reached skill level 1 in Spellcasting
  2505 | D:3      | Reached skill level 1 in Necromancy
  2588 | D:4      | Found a sacrificial altar of Ru.
  2723 | D:4      | Noticed a black bear
  2727 | D:4      | Killed a black bear
  2728 | D:4      | Reached XP level 6. HP: 46/46 MP: 8/8
  2844 | D:4      | Reached skill level 6 in Short Blades
  3028 | D:4      | Found Ruziggu's Antique Armour Shoppe.
  3047 | D:4      | Reached skill level 5 in Dodging
  3096 | D:4      | Found Mamuduib's Antique Weapon Boutique.
  3188 | D:4      | Noticed a +0 lajatang
  3191 | D:4      | Found Eheck's Weapon Shoppe.
  3193 | D:4      | Noticed a +0 lajatang
  3290 | D:5      | Entered Level 5 of the Dungeon
  3296 | D:5      | Reached XP level 7. HP: 39/51 MP: 10/10
  3448 | D:5      | Slain by an ogre

Illustrated notes

Levels and vault maps discovered:
D:1:      dpeg_arrival_leaves_temple_mockup, layout_basic
D:2:      layout_basic, uniq_robin, uniq_natasha
D:3:      layout_loops_corners, grunt_temple_overflow_open,
          shapermc_ecumenical_altar_notcrosses, ebering_ghost_disaster_area,
          uniq_jessica
D:4:      layout_rooms, nicolae_ru_sacrificial_ziggurat, serial_shops, shop,
          nicolae_shop_mannequins, nicolae_shop_back_alley_shop,
          roderic_nine_men_s_morris
D:5:      layout_gridville, mainiacjoe_overflow_catwalk,
          minmay_temple_entry_junction_2, serial_glass, glass_columns_a,
          glass_columns_c, item_on_display_b, item_on_display_a,
          uniq_crazy_yiuf_cottage

Skill      XL: |  1  2  3  4  5  6 |
---------------+-------------------+-----
Fighting       | 2 |  2.5
Short Blades   | 4 5 6 |  6.4
Dodging        | 4 5 |  5.1
Spellcasting   | 1 2 |  2.2
Necromancy     | 2 |  2.7
Throwing       | |  1.5

Action                     |  1- 3 |  4- 6 |  7- 9 || total
---------------------------+-------+-------+-------++-------
  Melee: Rapier            |   144 |    96 |    17 ||   257
         Bite              |    15 |    12 |     4 ||    31
         Punch             |     1 |     1 |       ||     2
  Evoke: Wand              |       |     3 |       ||     3
    Use: Potion            |       |     1 |       ||     1
   Stab: Sleeping          |       |     1 |       ||     1
 Armour: Leather armour    |    32 |    12 |     1 ||    45
  Dodge: Dodged            |   102 |    55 |    11 ||   168

Table legend: (Time is in decaauts)
 A = Elapsed time spent in this place.
 B = Non-inter-level travel time spent in this place.
 C = Inter-level travel time spent in this place.
 D = Time resting spent in this place.
 E = Time spent auto-exploring this place.
 F = Levels seen in this place.
 G = Mean time per level.
                   A        B        C        D        E       F      G
               +--------+--------+--------+--------+--------+-----+--------+
         Total |   3452 |   3355 |     97 |    175 |   2561 |   5 |  690.4 |
       Dungeon |   3452 |   3355 |     97 |    175 |   2561 |   5 |  690.4 |
               +--------+--------+--------+--------+--------+-----+--------+

Top non-repeatable levels by time:
     D:3: 1092 daAuts
     D:1: 776 daAuts
     D:2: 729 daAuts
     D:4: 697 daAuts
     D:5: 155 daAuts
